 Dungeon Crawl Stone Soup version 0.22.1-1-ga44c0e5 (webtiles) character file.

278 suicidejoker the Covert (level 6, 0/42 HPs)
             Began as an Octopode Assassin on Oct 9, 2018.
             Slain by Terence
             ... wielding a +0 hand axe
              (3 damage)
             ... on level 3 of the Dungeon.
             The game lasted 00:10:07 (2095 turns).

suicidejoker the Covert (Octopode Assassin)         Turns: 2095, Time: 00:10:07

Health: 0/42       AC:  1    Str: 17    XL:     6   Next: 26%
Magic:  6/6        EV: 13    Int: 13    God:
Gold:   139        SH:  0    Dex: 14    Spells: 5/5 levels left

rFire    x . .     SeeInvis .   k - +0 dagger (drain)
rCold    + . .     Gourm    .   (no shield)
rNeg     . . .     Faith    .   (helmet restricted)
rPois    .         Spirit   .   p - amulet of the acrobat
rElec    .         Reflect  .   i - ring of ice
rCorr    .         Harm     .   (no ring)
MR       .....                  (no ring)
Stlth    +++++.....             (no ring)
HPRegen  0.14/turn              (no ring)
MPRegen  0.10/turn              (no ring)
                                (no ring)
                                (no ring)

@: mighty, lethally poisoned (0 -> -7)
A: almost no armour, stealthy swim, amphibious, 8 rings, constrict 8, camouflage
1, gelatinous body 1
a: no special abilities


You were on level 3 of the Dungeon.
You were not hungry.

You visited 1 branch of the dungeon, and saw 3 of its levels.

You collected 139 gold pieces.

Inventory:

Hand Weapons
 a - a +2 dagger
 b - a +0 blowgun
 k - a +0 dagger of draining (weapon)
 t - a +1 dagger of holy wrath
Missiles
 c - 27 poisoned needles
 d - 2 curare-tipped needles
Jewellery
 i - a ring of ice (left tentacle)
 p - an amulet of the acrobat (around mantle)
Scrolls
 g - a scroll of immolation {unknown}
 j - a scroll of enchant weapon {unknown}
 l - 2 scrolls of identify {unknown}
 o - a scroll of fog {unknown}
 r - a scroll of teleportation {unknown}
 s - a scroll of fear {unknown}
Potions
 e - 2 potions of lignification
 h - a potion of heal wounds {unknown}
 m - a potion of might
 n - a potion of curing {unknown}
 q - a potion of brilliance {unknown}
Comestibles
 f - 6 rations


   Skills:
 * Level 3.0 Fighting
 * Level 3.1 Short Blades
 - Level 2.0 Throwing
 + Level 1.3 Dodging
 * Level 8.7 Stealth
 + Level 0.5 Unarmed Combat


You had 5 spell levels left.
You didn't know any spells.
Your spell library was empty.

Dungeon Overview and Level Annotations

Branches:
Dungeon (3/15)

Altars:

Annotations:
D:3 Terence


Innate Abilities, Weirdness & Mutations

You cannot wear most types of armour.
You are very stealthy in the water. (Stealth+)
You are amphibious.
You can wear up to eight rings at the same time.
You can use your tentacles to constrict eight enemies at once.
Your skin changes colour to match your surroundings (Stealth+).
Your rubbery body absorbs attacks. (AC +1, EV +1)


Message History

You are more poisoned.
The adder poisons you!
You hit Terence but do no damage.
Terence is heavily wounded.
You constrict Terence.
You feel sick. The adder completely misses you. Terence completely misses you.
The adder bites you.
* * * LOW HITPOINT WARNING * * *
You hit Terence but do no damage.
Terence is severely wounded.
You constrict Terence, but do no damage.
* * * LOW HITPOINT WARNING * * *
You feel sick. Terence hits you with a hand axe.
* * * LOW HITPOINT WARNING * * *
The adder closely misses you.
It was a potion of might.
You feel very mighty all of a sudden.
You constrict Terence.
* * * LOW HITPOINT WARNING * * *
You feel sick. The adder closely misses you. Terence hits you with a hand axe.
You die...

...# . ## ...#. #..
...#..# ##.# #...
.##. ..# #..#.....
#.# #..#.....
######(####@....#
.......(..#@S...#
..####.((....#.....
##...<.)..).#..#..
.........†..........
.#####[###..........
#. #?.....!.#.# #.
#####.##.# . #. .#
.# .. .. .


You could see Terence and an adder.

Vanquished Creatures
  Sigmund (D:2)
  An orc priest (D:3)
  Jessica (D:2)
  2 adders (D:2)
  A worm (D:2)
  3 leopard geckos
  4 orcs (D:3)
  A bat (D:1)
  A giant cockroach (D:2)
  7 hobgoblins
  3 jackals (D:2)
  7 frilled lizards
  4 goblins
  11 kobolds
  4 rats
51 creatures vanquished.

Notes
Turn   | Place    | Note
-------+----------+-------------------------------------------
     0 | D:1      | suicidejoker the Octopode Assassin began the quest for the
                  | Orb.
     0 | D:1      | Reached XP level 1. HP: 14/14 MP: 1/1
   186 | D:1      | Reached XP level 2. HP: 10/19 MP: 2/2
   749 | D:1      | Reached skill level 6 in Stealth
   970 | D:2      | Reached XP level 3. HP: 21/25 MP: 3/3
  1154 | D:2      | Noticed Sigmund
  1174 | D:2      | Killed Sigmund
  1174 | D:2      | Reached skill level 8 in Stealth
  1174 | D:2      | Reached XP level 4. HP: 8/30 MP: 4/4
  1174 | D:2      | Reached XP level 5. HP: 9/36 MP: 5/5
  1599 | D:2      | Noticed Jessica
  1601 | D:2      | Killed Jessica
  1601 | D:2      | Reached XP level 6. HP: 41/41 MP: 6/6
  2059 | D:3      | Noticed Terence
  2095 | D:3      | Slain by Terence

Skill      XL: |  1  2  3  4  5  6 |
---------------+-------------------+-----
Stealth        | 6 8 |  8.7
Short Blades   | 3 |  3.1
Fighting       | 3 |  3.0
Throwing       | |  2.0
Dodging        | |  1.3
Unarmed Combat | |  0.5

Action                   |  1- 3 |  4- 6 || total
-------------------------+-------+-------++-------
Melee: Dagger            |    47 |    49 ||    96
       Tentacles         |     5 |     8 ||    13
       Constrict         |     6 |    11 ||    17
       Unarmed           |    13 |       ||    13
  Use: Potion            |     1 |     1 ||     2
 Stab: Sleeping          |    13 |     7 ||    20
  Eat: Chunk             |       |     4 ||     4
Armor: Skin              |     9 |     1 ||    10
Dodge: Dodged            |    24 |    33 ||    57
